 Dungeon Crawl Stone Soup version 0.31-a0-692-gf03d1854d5 (webtiles) character file.

Game seed: 2513057982436254111

812 qw the Skirmisher (level 7, -5/44 HPs)
             Began as a Gargoyle Hunter on Sept 6, 2023.
             Slain by Edmund
             ... wielding a +1 dire flail of venom
              (10 damage)
             ... on level 5 of the Dungeon.
             The game lasted 00:01:52 (4068 turns).

qw the Skirmisher (Gargoyle Hunter)                 Turns: 4068, Time: 00:01:53

Health: -5/44      AC: 13    Str: 15    XL:     7   Next: 93%
Magic:  7/7        EV: 11    Int:  9    God:
Gold:   339        SH:  0    Dex: 15    Spells: 6/6 levels left

rFire   + . .        Y - +0 shortbow (freeze)
rCold   . . .        (shield currently unavailable)
rNeg    + + .        h - +3 ring mail {rF+}
rPois   inf          (no helmet)
rElec   +            (no cloak)
rCorr   .            (no gloves)
SInv    .            (no boots)
Will    .....        (no amulet)
Stlth   +            c - ring of positive energy
HPRegen 0.27/turn    (no ring)
MPRegen 0.10/turn

%: no passive effects
@: no status effects
A: sickness immunity, AC +4, negative energy resistance 1, electricity
resistance, torment resistance 1, petrification resistance
a: no special abilities


You were on level 5 of the Dungeon.
You visited 1 branch of the dungeon, and saw 5 of its levels.

You collected 339 gold pieces.


Innate Abilities, Weirdness & Mutations

You are immune to sickness and miasma.
Your stone body is resilient. (AC +4)
You are immune to poison.
You resist negative energy. (rN+)
You are resistant to electric shocks. (rElec)
You are resistant to unholy torment.
You are immune to petrification.


   Skills:
 - Level 5.5 Fighting
 - Level 8.2 Ranged Weapons
 - Level 1.0 Armour
 + Level 1.6 Dodging
 - Level 1.1 Stealth


You had 6 spell levels left.
You didn't know any spells.
Your spell library was empty.

Inventory:

Hand Weapons
 Y - a +0 shortbow of freezing (weapon)
Armour
 h - a +3 ring mail of fire resistance (worn)
Jewellery
 c - a ring of positive energy (left hand)
Potions
 a - a potion of invisibility {unknown}
 b - a potion of lignification {unknown}
 d - a potion of curing
 e - a potion of mutation {unknown}
 f - a potion of haste
 j - a potion of ambrosia {unknown}
 k - a potion of cancellation {unknown}

Dungeon Overview and Level Annotations

Branches:
Dungeon (5/15)
 Temple: D:4-7

Altars:
Nemelex Xobeh

Annotations:
D:5 Edmund


Message History

The arrow hits Edmund but does no damage.
Edmund is heavily wounded.
Edmund hits you with a +1 dire flail of venom.
Edmund hits you but does no damage.
You shoot an arrow.
The arrow hits Edmund but does no damage.
Edmund is heavily wounded.
Edmund asks, "Have you met my wondrous brother?"
Edmund hits you but does no damage.
You shoot an arrow. The arrow hits Edmund.
The arrow freezes Edmund.
Edmund is heavily wounded.
Edmund closely misses you.
You shoot an arrow. The arrow barely misses Edmund.
Edmund hits you but does no damage.
You shoot an arrow.
The arrow hits Edmund but does no damage.
Edmund is heavily wounded.
Edmund hits you with a +1 dire flail of venom.
You shoot an arrow.
The arrow hits Edmund but does no damage.
Edmund is heavily wounded.
Edmund hits you but does no damage.
You shoot an arrow. The arrow barely misses Edmund.
Edmund hits you but does no damage.
You shoot an arrow. The arrow barely misses Edmund.
Edmund hits you with a +1 dire flail of venom.
You shoot an arrow.
The arrow hits Edmund but does no damage.
Edmund is heavily wounded.
Edmund hits you with a +1 dire flail of venom!
Edmund says, "People will remember me!
They'll remember me and die!"
Edmund hits you with a +1 dire flail of venom.
You shoot an arrow. The arrow hits Edmund.
The arrow freezes Edmund.
Edmund is heavily wounded.
Edmund misses you.
You shoot an arrow. The arrow hits Edmund.
The arrow freezes Edmund.
Edmund is heavily wounded.
Edmund hits you with a +1 dire flail of venom!
You die...
Edmund whines, "They better pay attention to me now!"

#. #)# #.. #.#
#.# #.# #.#
#.# #.# ##.#
#.# ..#
#.#########@#
#..........@#
#.#########.#
#....# #.#
####.######...
#..........
#..####....#
#.!# .#.#.
#..# #. ?#.#
#..#


You could see Edmund.

Vanquished Creatures
  Grinder (D:5)
  An ogre (D:5)
  A phantom (D:5)
  A scorpion (D:4)
  2 howler monkeys
  2 hounds (D:4)
  Jessica (D:3)
  An iguana (D:4)
  Ijyb (D:3)
  An adder (D:2)
  4 gnolls (D:4)
  A shadow imp (D:5)
  3 worms
  4 dart slugs
  15 orcs
  9 bats
  10 endoplasms
  2 giant cockroaches (D:1)
  8 goblins
  4 hobgoblins (D:4)
  3 jackals (D:3)
  2 quokkas
  9 ball pythons
  6 frilled lizards
  12 kobolds
  4 rats
108 creatures vanquished.

Notes
Turn   | Place    | Note
-------+----------+-------------------------------------------
     0 | D:1      | qw the Gargoyle Hunter began the quest for the Orb.
     0 | D:1      | Reached XP level 1. HP: 12/12 MP: 1/1
     0 | D:1      | 0 ||| qw: Version: 0.3-a-76-g4403597
     0 | D:1      | 0 ||| qw: Game counter: 77
     0 | D:1      | 0 ||| qw: Melee chars always use a shield: true
     0 | D:1      | 0 ||| qw: God list: Okawaru
     0 | D:1      | 0 ||| qw: Allow faded altars: false
     0 | D:1      | 0 ||| qw: Do Orc after clearing Dungeon:15 true
     0 | D:1      | 0 ||| qw: Do second Lair branch before Depths: true
     0 | D:1      | 0 ||| qw: Lair rune preference: random
     0 | D:1      | 0 ||| qw: Goals: Normal
     0 | D:1      | 0 ||| PLANNING D:1-11
   341 | D:1      | Reached XP level 2. HP: 17/17 MP: 2/2
  1004 | D:1      | Reached XP level 3. HP: 21/21 MP: 3/3
  1182 | D:1      | Reached skill level 5 in Ranged Weapons
  1187 | D:1      | 1187 ||| UPGRADING to +1 robe of willpower.
  1197 | D:1      | 1197 ||| READING scroll labelled VISEAMUPEWITA.
  1201 | D:1      | 1201 ||| READING scroll labelled OPICOE CETT.
  1202 | D:1      | 1202 ||| DROPPING scroll of butterflies.
  1531 | D:2      | Reached skill level 3 in Fighting
  1723 | D:2      | 1723 ||| READING scroll labelled HAPRAM YGIXISA.
  1870 | D:3      | Reached XP level 4. HP: 28/28 MP: 4/4
  1923 | D:3      | Noticed Jessica
  1925 | D:3      | Killed Jessica
  1955 | D:3      | 1955 ||| READING scroll labelled JEOTAU TIXUXT.
  1956 | D:3      | 1956 ||| DRINKING 2 viscous sapphire potions.
  1957 | D:3      | 1957 ||| DROPPING potion of brilliance.
  1992 | D:3      | Noticed Ijyb
  2010 | D:3      | 2010 ||| READING scroll of teleportation.
  2011 | D:3      | 2011 ||| FLEEEEING.
  2013 | D:3      | 2013 ||| FLEEEEING.
  2067 | D:3      | 2067 ||| FLEEEEING.
  2071 | D:3      | 2071 ||| FLEEEEING.
  2072 | D:3      | 2072 ||| FLEEEEING.
  2073 | D:3      | 2073 ||| FLEEEEING.
  2074 | D:3      | 2074 ||| FLEEEEING.
  2077 | D:3      | 2077 ||| FLEEEEING.
  2078 | D:3      | 2078 ||| FLEEEEING.
  2080 | D:3      | 2080 ||| FLEEEEING.
  2082 | D:3      | 2082 ||| FLEEEEING.
  2083 | D:3      | 2083 ||| FLEEEEING.
  2085 | D:3      | 2085 ||| FLEEEEING.
  2093 | D:3      | Killed Ijyb
  2094 | D:3      | Reached XP level 5. HP: 19/32 MP: 5/5
  2166 | D:3      | 2166 ||| DROPPING +0 leather armour.
  2167 | D:3      | 2167 ||| UPGRADING to +3 ring mail of fire resistance.
  2181 | D:3      | 2181 ||| DROPPING +1 robe of willpower.
  2489 | D:3      | Reached skill level 1 in Armour
  2745 | D:3      | 2745 ||| UPGRADING to ring of positive energy.
  2746 | D:3      | 2746 ||| READING scroll labelled FONGOC LEXI.
  2747 | D:3      | 2747 ||| READING scroll labelled ATUTZICEOK.
  2759 | D:4      | 2759 ||| PLANNING OSSUARY
  2760 | D:4      | 2760 ||| STAIRDANCE
  2778 | D:4      | HP: 3/32 [scorpion (6)]
  2781 | D:4      | Reached skill level 6 in Ranged Weapons
  2786 | D:4      | HP: 3/32 [hobgoblin (2)]
  2788 | D:4      | 2788 ||| STAIRDANCE
  2930 | D:4      | Reached XP level 6. HP: 37/37 MP: 6/6
  3005 | D:4      | 3005 ||| Stepping ~*~*~tactically~*~*~ (retreating).
  3006 | D:4      | 3006 ||| Stepping ~*~*~tactically~*~*~ (retreating).
  3007 | D:4      | 3007 ||| Stepping ~*~*~tactically~*~*~ (retreating).
  3008 | D:4      | 3008 ||| Stepping ~*~*~tactically~*~*~ (retreating).
  3009 | D:4      | 3009 ||| Stepping ~*~*~tactically~*~*~ (retreating).
  3323 | D:4      | Found a sparkling altar of Nemelex Xobeh.
  3373 | D:4      | 3373 ||| RIP OSSUARY
  3488 | D:4      | 3488 ||| PLANNING D:1-11
  3551 | D:4      | Reached skill level 7 in Ranged Weapons
  3648 | D:4      | 3648 ||| READING scroll labelled PANWERRI ODIAX.
  3649 | D:4      | 3649 ||| READING scroll labelled KEHUUNNOGH.
  3650 | D:4      | 3650 ||| DRINKING 2 purple potions.
  3651 | D:4      | 3651 ||| DRINKING 2 black potions.
  3652 | D:4      | 3652 ||| DRINKING 2 red potions.
  3666 | D:5      | Entered Level 5 of the Dungeon
  3683 | D:5      | Reached XP level 7. HP: 43/43 MP: 7/7
  3704 | D:5      | Noticed Grinder
  3712 | D:5      | Paralysed by Grinder for 3 turns
  3727 | D:5      | Killed Grinder
  3728 | D:5      | Reached skill level 8 in Ranged Weapons
  3744 | D:5      | 3744 ||| FLEEEEING.
  3752 | D:5      | 3752 ||| STAIRDANCE
  3832 | D:4      | 3832 ||| READING scroll labelled GOISOM IXAVEWIO.
  3835 | D:5      | HP: 1/43 [ogre/+0 giant spiked club (15)]
  3836 | D:5      | 3836 ||| DRINKING potion of heal wounds.
  3840 | D:5      | HP: 9/43 [ogre/+0 giant spiked club (5)]
  3843 | D:5      | 3843 ||| STAIRDANCE
  4047 | D:5      | Noticed Edmund
  4066 | D:5      | HP: 7/44 [Edmund/+1 dire flail of venom (7)]
  4068 | D:5      | Slain by Edmund

Levels and vault maps discovered:
D:1:      shiori_arrival_maze, layout_basic, serial_forest,
          infiniplex_forest_lined_3, infiniplex_forest_lined_room_2,
          infiniplex_forest_clump_cross, infiniplex_forest_end_1,
          infiniplex_forest_clump_curved, infiniplex_forest_diagonal,
          infiniplex_forest_straight_3, infiniplex_forest_straight_3
D:2:      layout_basic
D:3:      layout_basic, minmay_fractal_squares_gapless_5, uniq_jessica,
          uniq_ijyb
D:4:      corexii_shack_village, layout_basic, amcnicky_altar_gilded,
          chequers_ossuary_entry_cave, minivault_27
D:5:      layout_loops_ring, minmay_temple_entry_arrows, serial_park_tiny_pond,
          uniq_menkaure, uniq_edmund, uniq_grinder

Skill      XL: |  1  2  3  4  5  6  7 |
---------------+----------------------+-----
Ranged Weapons | 5 6 7 8 |  8.2
Fighting       | 3 4 5 |  5.5
Armour         | 1 |  1.0
Dodging        | |  1.6
Stealth        | |  1.1

Action                     |  1- 3 |  4- 6 |  7- 9 || total
---------------------------+-------+-------+-------++-------
   Fire: Shortbow          |   105 |   228 |    80 ||   413
    Use: Scroll            |     3 |     6 |     1 ||    10
         Potion            |       |     4 |     1 ||     5
 Armour: Leather armour    |    11 |       |       ||    11
         Robe              |     7 |    17 |       ||    24
         Skin              |       |     8 |       ||     8
         Ring mail         |       |    66 |    43 ||   109
  Dodge: Dodged            |    27 |    67 |    28 ||   122

Table legend:
 A = Non-vault XP
 B = Vault XP
 C = Vault XP percentage of total XP
 D = Non-vault monster count
 E = Vault monster count
 F = Vault count percentage of total count
                 A         B        C        D         E       F
            +---------+---------+-------+---------+---------+-------
      Total |     790 |     371 |  32.0 |      92 |      16 |  14.8
            +---------+---------+-------+---------+---------+-------
        D:1 |      37 |       3 |   7.5 |      20 |       2 |   9.1
        D:2 |      36 |       0 |   0.0 |      11 |       0 |   0.0
        D:3 |      38 |      84 |  68.9 |      22 |       7 |  24.1
        D:4 |     368 |      12 |   3.2 |      27 |       6 |  18.2
        D:5 |     311 |     272 |  46.7 |      12 |       1 |   7.7
            +---------+---------+-------+---------+---------+-------
